[Event "Titled Tuesday Blitz December 13 Early 2022"]
[White "Avazkhonov, Alikhon"]
[Black "Zhigalko, Sergei"]
[WhiteFideId "14208504"]
[BlackFideId "13502956"]
[WhiteElo "1739"]
[BlackElo "2662"]
[Result "0-1"]
[Round "02"]
[TimeControl "180+1"]
[Date "2022.12.14"]
[WhiteClock "0:00:03"]
[BlackClock "0:00:53"]

1. d4 Nf6 2. c4 e6 3. Nc3 Bb4 4. e3 O-O 5. Bd2 b6 6. Nf3 Bb7 7. Bd3 d5 8. cxd5 exd5 9. Rc1 a6 10. O-O Bd6 11. Ne5 c5 12. f4 Nc6 13. Ng4 Nb4 14. Bb1 c4 15. Nxf6+ Qxf6 16. Qf3 Rfe8 17. a3 Nd3 18. Bxd3 cxd3 19. Nxd5 Qe6 20. Nf6+ Qxf6 21. Qxb7 Qe6 22. Qxb6 Reb8 23. Qc6 Rc8 24. Qf3 Qb3 25. Bc3 Rab8 26. e4 Bxa3 27. bxa3 Rxc3 28. Rxc3 Qxc3 29. Qe3 Rb2 30. h4 Re2 31. Qh3 Qxd4+ 32. Kh2 g6 33. Rd1 d2 34. Qf3 Re1 35. e5 Rxd1 36. Qxd1 Qxf4+ 37. Kh3 Qe3+ 38. g3 Qe1 0-1


[Site "https://www.chess.com"]

[Event "Titled Tuesday Blitz December 13 Early 2022"]
[White "Babazada, Khazar"]
[Black "Mkrtchian, Lilit"]
[WhiteFideId "13413554"]
[BlackFideId "13300601"]
[WhiteElo "2359"]
[BlackElo "2316"]
[Result "1-0"]
[Round "02"]
[TimeControl "180+1"]
[Date "2022.12.14"]
[WhiteClock "0:00:18"]
[BlackClock "0:00:02"]

1. Nf3 d5 2. g3 Nc6 3. d4 Bf5 4. Bg2 e6 5. O-O h6 6. c4 Nf6 7. Nc3 Be7 8. Bf4 O-O 9. Rc1 Ne4 10. cxd5 exd5 11. a3 Nxc3 12. Rxc3 Bd6 13. e3 Bxf4 14. gxf4 Ne7 15. Qb3 Rb8 16. Qa4 a6 17. Qa5 c6 18. Qxd8 Rfxd8 19. Nd2 Nc8 20. Rfc1 Nd6 21. a4 g5 22. fxg5 hxg5 23. b4 f6 24. Bf1 Bd7 25. Nb3 Kf7 26. Nc5 Be8 27. Bh3 Ke7 28. f3 Bf7 29. e4 dxe4 30. fxe4 Rh8 31. e5 fxe5 32. Re1 Nc4 33. dxe5 Bd5 34. Bg2 b6 35. Nxa6 Ra8 36. Nc7 Rxa4 37. Bxd5 1-0


[Site "https://www.chess.com"]

[Event "Titled Tuesday Blitz December 13 Early 2022"]
[White "Baches Garcia, Guillermo"]
[Black "Fabris, Alberto"]
[WhiteFideId "2209764"]
[BlackFideId "801348"]
[WhiteElo "2458"]
[BlackElo "2165"]
[Result "1-0"]
[Round "02"]
[TimeControl "180+1"]
[Date "2022.12.14"]
[WhiteClock "0:00:21"]
[BlackClock "0:00:01"]

1. e4 c5 2. Nf3 d6 3. d4 cxd4 4. Nxd4 Nf6 5. Nc3 a6 6. Be3 e5 7. Nb3 Be7 8. f3 Nbd7 9. Qd2 h5 10. Be2 Qc7 11. Nd5 Nxd5 12. exd5 g6 13. c4 b6 14. Rc1 a5 15. Na1 Nc5 16. Nc2 Bf5 17. Na3 Bf6 18. Nb5 Qd7 19. O-O Bg7 20. Kh1 O-O 21. b3 e4 22. f4 Rfe8 23. Nd4 Bg4 24. Nc6 Bxe2 25. Qxe2 Qg4 26. Qd2 h4 27. h3 Qf5 28. Rcd1 Rac8 29. Qf2 Qh5 30. f5 gxf5 31. Qxf5 Qxf5 32. Rxf5 Rc7 33. Rdf1 Rb7 34. Rg5 Kf8 35. Rg4 a4 36. b4 Nd3 37. Rxh4 Ne5 38. Rxe4 Nxc4 39. Rxc4 Rxe3 40. Nd8 Rd7 41. Ne6+ Kg8 42. Rc8+ Kh7 43. Ng5+ Kg6 44. Nf3 Be5 45. Rc6 Kg7 46. Rxb6 Ra3 47. Rf2 Rd3 48. Nxe5 dxe5 49. Ra6 R3xd5 50. Rxa4 e4 51. b5 Rxb5 52. Rxe4 Rbd5 53. Kh2 Rd2 54. Ree2 Rxe2 55. Rxe2 Ra7 56. Kg3 Ra4 57. Kf3 Kg6 58. g3 f6 59. Kf2 Kg5 60. Kg2 Kg6 61. Rf2 Kg5 62. h4+ Kg6 63. Kh3 f5 64. Rb2 Ra3 65. Rb6+ Kh5 66. Rf6 1-0


[Site "https://www.chess.com"]

[Event "Titled Tuesday Blitz December 13 Early 2022"]
[White "Barria Zuniga, Daniel"]
[Black "Vovk, Orest"]
[WhiteFideId "3400816"]
[BlackFideId "14113490"]
[WhiteElo "2414"]
[BlackElo "2215"]
[Result "1-0"]
[Round "02"]
[TimeControl "180+1"]
[Date "2022.12.14"]
[WhiteClock "0:01:15"]
[BlackClock "0:00:14"]

1. d4 e5 2. dxe5 Nc6 3. Nf3 Qe7 4. Nc3 Nxe5 5. Nd5 Nxf3+ 6. gxf3 Qd8 7. Bf4 d6 8. Qd4 Be6 9. O-O-O c6 10. Nc3 Qa5 11. Bxd6 O-O-O 12. Qe5 Qxe5 13. Bxe5 Rxd1+ 14. Kxd1 Ne7 15. e3 Ng6 16. Bg3 Be7 17. h4 h5 18. Bd3 Nf8 19. Ne4 Nd7 20. Ng5 Bxa2 21. b3 Bxg5 22. hxg5 Nc5 23. Ke2 Nxb3 24. Bf5+ Kd8 25. Rd1+ Ke7 26. Bd6+ Ke8 27. cxb3 Bxb3 28. Rb1 Bc4+ 29. Kd2 Bb5 30. Rb4 g6 31. Bh3 f6 32. Re4+ 1-0


[Site "https://www.chess.com"]

[Event "Titled Tuesday Blitz December 13 Early 2022"]
[White "Baruch, Liam"]
[Black "Urbina Perez, Juan Antonio"]
[WhiteFideId "14322064"]
[BlackFideId "2217368"]
[WhiteElo "1951"]
[BlackElo "2197"]
[Result "0-1"]
[Round "02"]
[TimeControl "180+1"]
[Date "2022.12.14"]
[WhiteClock "0:00:16"]
[BlackClock "0:00:14"]

1. e4 c5 2. Nf3 d6 3. d4 cxd4 4. Nxd4 Nf6 5. Nc3 Nc6 6. Ndb5 a6 7. Na3 g6 8. Be2 Bg7 9. O-O O-O 10. Re1 b5 11. Nd5 Nd7 12. c3 Bb7 13. Nc2 Rc8 14. Bf1 Nc5 15. Be3 Ne5 16. f4 Nc4 17. Bxc4 bxc4 18. Bd4 Nd3 19. Bxg7 Kxg7 20. Re2 Bxd5 21. exd5 Qb6+ 22. Nd4 Nxf4 23. Rxe7 Nxd5 24. Re2 Rfe8 25. Kh1 Nf4 26. Rxe8 Rxe8 27. Qf3 Nd3 28. Rf1 f5 29. Qd5 Re5 30. Qxc4 Nxb2 31. Qb3 Qxb3 32. axb3 Nd3 33. h3 Nc5 34. b4 Ne4 35. Kh2 Nxc3 36. Rc1 Ne2 37. Rc7+ Kh6 38. Nf3 Re4 39. Rc6 Rxb4 40. Rxa6 d5 41. Rd6 Nf4 42. Ne5 Rb2 43. Kg3 Nxg2 44. Rxd5 Ne3 45. Rd3 Nf1+ 46. Kf3 Nh2+ 47. Kg3 Nf1+ 48. Kf3 Nd2+ 49. Kg3 Ne4+ 50. Kf3 Rf2+ 51. Ke3 Rh2 52. Kd4 Ng5 53. h4 Rxh4+ 54. Kd5 Re4 55. Rc3 Re1 56. Rc2 Rd1+ 57. Kc5 Ne4+ 58. Kc6 Rd6+ 59. Kc7 Re6 60. Rh2+ Kg7 61. Nd7 Re7 62. Rc2 Nf6 63. Rd2 Rxd7+ 64. Rxd7+ Nxd7 65. Kxd7 f4 66. Ke6 f3 67. Ke5 f2 68. Kf4 f1=Q+ 69. Kg4 Qf5+ 70. Kh4 g5+ 71. Kg3 Qf4+ 72. Kg2 g4 73. Kg1 Qg3+ 74. Kh1 Qf3+ 75. Kg1 Qe2 76. Kh1 g3 77. Kg1 Qf2+ 78. Kh1 0-1


[Site "https://www.chess.com"]

[Event "Titled Tuesday Blitz December 13 Early 2022"]
[White "Begunov, Konstantin"]
[Black "Rakhmatullaev, Almas"]
[WhiteFideId "4118510"]
[BlackFideId "14205793"]
[WhiteElo "2141"]
[BlackElo "2221"]
[Result "0-1"]
[Round "02"]
[TimeControl "180+1"]
[Date "2022.12.14"]
[WhiteClock "0:01:37"]
[BlackClock "0:00:37"]

1. d4 Nf6 2. c4 g6 3. f3 Bg7 4. e4 d6 5. Nc3 O-O 6. Be3 e5 7. Nge2 Nfd7 8. Qd2 Nb6 9. b3 a5 10. a4 Nc6 11. dxe5 Nxe5 12. Nd4 Qh4+ 13. Bf2 Qe7 14. Be2 f5 15. exf5 Bxf5 16. Nxf5 Rxf5 17. O-O Raf8 18. Rfe1 Qf7 19. Rad1 Kh8 20. Ne4 Nbd7 21. Qxa5 Nxf3+ 22. gxf3 Rxa5 0-1


[Site "https://www.chess.com"]

[Event "Titled Tuesday Blitz December 13 Early 2022"]
[White "Berezin, Viktor"]
[Black "Harsh Suresh"]
[WhiteFideId "14107872"]
[BlackFideId "45018464"]
[WhiteElo "2310"]
[BlackElo "2227"]
[Result "0-1"]
[Round "02"]
[TimeControl "180+1"]
[Date "2022.12.14"]
[WhiteClock "0:00:15"]
[BlackClock "0:00:06"]

1. d4 Nf6 2. c4 c5 3. d5 b5 4. Qc2 bxc4 5. e4 d6 6. Bxc4 g6 7. Nf3 Bg7 8. O-O O-O 9. Nc3 Bg4 10. Nd2 Bd7 11. Be2 a5 12. a4 Na6 13. Nb5 Nb4 14. Qb3 h5 15. h3 Qb8 16. Re1 e6 17. dxe6 Bxe6 18. Bc4 Re8 19. Bxe6 Rxe6 20. Nc4 d5 21. Ne3 Rxe4 22. Bd2 c4 23. Qd1 Nd3 24. Re2 Nxb2 25. Qc2 d4 26. Qxb2 dxe3 27. Bc3 Ne8 28. Rxe3 Rxe3 29. fxe3 Qg3 30. Qf2 Qxf2+ 31. Kxf2 Bxc3 32. Nxc3 Rd8 33. Rb1 Rd3 34. Ne4 Kg7 35. Rc1 f5 36. Nc5 Rd2+ 37. Kf3 Nd6 38. g4 h4 39. e4 fxe4+ 40. Kf4 Rf2+ 41. Ke5 Rd2 42. Ne6+ Kf7 43. Rf1+ Ke7 44. Nd4 e3 45. Re1 c3 46. Rxe3 Nc4+ 47. Ke4 Nxe3 48. Kxe3 Rxd4 49. Kxd4 c2 0-1


[Site "https://www.chess.com"]

[Event "Titled Tuesday Blitz December 13 Early 2022"]
[White "Bernat, David"]
[Black "Raahul V S"]
[WhiteFideId "2099225"]
[BlackFideId "25035525"]
[WhiteElo "2313"]
[BlackElo "2202"]
[Result "0-1"]
[Round "02"]
[TimeControl "180+1"]
[Date "2022.12.14"]
[WhiteClock "0:00:05"]
[BlackClock "0:00:12"]

1. c4 c5 2. Nc3 Nf6 3. g3 d5 4. cxd5 Nxd5 5. Bg2 Nc7 6. Qa4+ Qd7 7. Qxd7+ Nxd7 8. d3 e5 9. f4 f6 10. Nf3 exf4 11. gxf4 Be7 12. e4 O-O 13. Be3 b6 14. O-O-O Ba6 15. Rhg1 Rad8 16. Bh3 Kh8 17. Nh4 g6 18. Rxg6 hxg6 19. Nxg6+ Kg7 20. Nxe7 Rh8 21. Bf5 Nf8 22. Rg1+ Kf7 23. Ned5 Nxd5 24. Nxd5 Rxh2 25. Rd1 Ng6 26. Bxg6+ Kxg6 27. f5+ Kf7 28. d4 cxd4 29. Bxd4 Re2 30. Nxf6 Rxd4 31. Rxd4 Kxf6 32. Ra4 Bd3 33. Rxa7 Rc2+ 34. Kd1 Rxb2 35. a4 Bxe4 36. a5 b5 37. a6 b4 38. Rb7 b3 39. Rb4 Bc2+ 40. Kc1 Ra2 41. Rb6+ Kxf5 42. Kd2 Ke5 43. Kc3 Kd5 44. Rh6 Kc5 45. Rh5+ Kb6 46. Rh6+ Ka7 0-1


[Site "https://www.chess.com"]

[Event "Titled Tuesday Blitz December 13 Early 2022"]
[White "Bethke, Richard"]
[Black "Avinash, Ramesh"]
[WhiteFideId "12959243"]
[BlackFideId "45018340"]
[WhiteElo "2369"]
[BlackElo "2264"]
[Result "0-1"]
[Round "02"]
[TimeControl "180+1"]
[Date "2022.12.14"]
[WhiteClock "0:00:02"]
[BlackClock "0:00:37"]

1. e4 e6 2. d4 d5 3. Nd2 Nf6 4. e5 Nfd7 5. Bd3 c5 6. c3 Nc6 7. Ne2 cxd4 8. cxd4 f6 9. exf6 Nxf6 10. O-O Bd6 11. Nf3 O-O 12. Bf4 Bxf4 13. Nxf4 Ne4 14. Qc1 Ng5 15. Nxg5 Qxg5 16. Bxh7+ Kxh7 17. Nxe6 Qxc1 18. Nxf8+ Kg8 19. Raxc1 Kxf8 20. Rfe1 Bd7 21. Rc5 Kf7 22. Rxd5 Rd8 23. a3 Ne7 24. Rde5 Nc6 25. R5e4 Bf5 26. Rf4 Nxd4 27. g4 g5 28. Rxf5+ Nxf5 29. gxf5 Rd2 30. b4 Kf6 31. Kg2 Ra2 32. Re3 Kxf5 33. Kg3 Ra1 34. Rc3 Rg1+ 35. Kf3 Ra1 36. h3 b6 37. Rd3 Ra2 38. b5 Ra1 39. Kg3 Ra2 40. Rd5+ Kf6 41. Rd3 Kf5 42. f3 Ra1 43. Rd5+ Kf6 44. Kg4 Rg1+ 45. Kh5 Rg3 46. h4 gxh4 47. f4 h3 48. Rd2 Rg2 49. Rd1 Kf5 50. Kh4 h2 51. Rh1 Kxf4 52. Kh3 Ra2 53. a4 Ke4 54. Re1+ Kd5 55. Rd1+ Kc5 56. Kg3 Kb4 57. Rd4+ Ka5 58. Rh4 Rb2 59. Kf3 Ra2 60. Rh7 Rxa4 61. Rxa7+ Kxb5 62. Rh7 Ra2 63. Ke3 Kb4 64. Kd3 b5 65. Rh4+ Kb3 66. Rh3 b4 67. Kd4+ Ka4 68. Kc4 Rc2+ 69. Kd3 Rc3+ 0-1


[Site "https://www.chess.com"]

[Event "Titled Tuesday Blitz December 13 Early 2022"]
[White "Bettalli, Francesco"]
[Black "Seifert, Henryk"]
[WhiteFideId "2816453"]
[BlackFideId "1100963"]
[WhiteElo "2216"]
[BlackElo "2120"]
[Result "1-0"]
[Round "02"]
[TimeControl "180+1"]
[Date "2022.12.14"]
[WhiteClock "0:01:39"]
[BlackClock "0:00:05"]

1. d4 d5 2. Nf3 c6 3. Bf4 Nf6 4. e3 Bf5 5. c4 e6 6. Nc3 Nbd7 7. Qb3 Qb6 8. c5 Qxb3 9. axb3 a6 10. b4 Rc8 11. Nd2 Nh5 12. Nb3 Nxf4 13. exf4 Be7 14. Na5 Rc7 15. Kd2 O-O 16. f3 f6 17. g4 Bg6 18. Re1 Bf7 19. Bd3 Re8 20. Ne2 Bf8 21. Ng3 Bg6 22. f5 exf5 23. Bxf5 Rxe1 24. Rxe1 Bf7 25. h4 g6 26. Bd3 Bh6+ 27. Kc3 Kf8 28. Ne2 Be3 29. f4 Bf2 30. Rh1 h5 31. gxh5 gxh5 32. Rh2 Be1+ 33. Kb3 Be6 34. f5 Bf7 35. Nf4 1-0


[Site "https://www.chess.com"]

[Event "Titled Tuesday Blitz December 13 Early 2022"]
[White "Bluebaum, Matthias"]
[Black "Tarlabasi, Emirhan"]
[WhiteFideId "24651516"]
[BlackFideId "6350275"]
[WhiteElo "2634"]
[BlackElo "2200"]
[Result "1/2-1/2"]
[Round "02"]
[TimeControl "180+1"]
[Date "2022.12.13"]
[WhiteClock "0:00:53"]
[BlackClock "0:01:44"]

1. d4 d5 2. c4 c6 3. Nc3 Nf6 4. Nf3 e6 5. Qc2 Nbd7 6. e4 dxe4 7. Nxe4 Nxe4 8. Qxe4 Nf6 9. Qc2 Bb4+ 10. Bd2 Be7 11. Bd3 O-O 12. Bc3 h6 13. O-O b6 14. Rad1 Bb7 15. Qe2 Qc7 16. Bb1 c5 17. dxc5 Qxc5 18. Ne5 Rfd8 19. b4 Qc7 20. Ng4 Qf4 21. h3 Nxg4 22. Qxg4 Qxg4 23. hxg4 Rac8 24. Rxd8+ Rxd8 25. Bc2 Rc8 26. Bb3 Ba6 27. Rc1 Bxc4 28. Bxg7 Kxg7 29. Rxc4 Rxc4 30. Bxc4 Bxb4 31. f4 1/2-1/2


[Site "https://www.chess.com"]

[Event "Titled Tuesday Blitz December 13 Early 2022"]
[White "Bodnaruk, Anastasia"]
[Black "Timofeev, Artyom"]
[WhiteFideId "4181751"]
[BlackFideId "4140419"]
[WhiteElo "2574"]
[BlackElo "2865"]
[Result "0-1"]
[Round "02"]
[TimeControl "180+1"]
[Date "2022.12.14"]
[WhiteClock "0:00:01"]
[BlackClock "0:00:17"]

1. e4 c5 2. Nc3 d6 3. Nge2 e5 4. Nd5 Nc6 5. Nec3 a6 6. a4 g6 7. Bc4 Bg7 8. O-O Nge7 9. d3 O-O 10. Bg5 h6 11. Bf6 Bxf6 12. Nxf6+ Kg7 13. Nfd5 g5 14. Qh5 Ng6 15. g3 Nd4 16. Ne3 Qf6 17. f3 Qd8 18. Ncd5 f5 19. c3 f4 20. cxd4 fxe3 21. dxc5 dxc5 22. Rae1 b5 23. Ba2 Be6 24. Rxe3 Bxd5 25. Bxd5 Rb8 26. axb5 axb5 27. Ree1 Qb6 28. Kg2 Rbd8 29. Qg4 Ne7 30. h4 Qg6 31. h5 Qf6 32. f4 exf4 33. gxf4 Nxd5 34. exd5 Rxd5 35. Re6 Qf5 36. Rg6+ Kh7 37. Qxf5 Rdxf5 38. Re1 gxf4 39. Re7+ R8f7 40. Ree6 Rxh5 41. Kf3 Rh3+ 42. Kg2 Rh5 43. Kf3 b4 44. b3 Rd7 45. Rd6 Rxd6 46. Rxd6 Rh1 47. Kxf4 Rb1 48. Rd7+ Kg6 49. Rd6+ Kg7 50. Rd7+ Kf6 51. Rd6+ Ke7 52. Rxh6 Rxb3 53. Ke4 Rc3 54. Kd5 b3 55. Rb6 Kd7 56. Rb5 Kc7 57. Ke4 Kc6 58. Rb8 Kd7 59. Rb5 Ke6 60. Rb6+ Kf7 0-1


[Site "https://www.chess.com"]

[Event "Titled Tuesday Blitz December 13 Early 2022"]
[White "Bogaudinov, Rushan"]
[Black "Seo, Jung Min"]
[WhiteFideId "4129288"]
[BlackFideId "1734687"]
[WhiteElo "2028"]
[BlackElo "2457"]
[Result "0-1"]
[Round "02"]
[TimeControl "180+1"]
[Date "2022.12.14"]
[WhiteClock "0:01:09"]
[BlackClock "0:01:36"]

1. a3 e5 2. e3 d5 3. Nf3 e4 4. Ng1 f5 5. b4 Nf6 6. Bb2 Bd6 7. c4 c6 8. Nc3 O-O 9. f4 d4 10. Nce2 dxe3 11. dxe3 c5 12. bxc5 Bxc5 13. Qxd8 Rxd8 14. Bd4 b6 15. O-O-O Bxa3+ 16. Kc2 Nc6 17. Bxf6 Rxd1 18. Kxd1 gxf6 19. Nc3 Bc5 20. Ke2 Be6 21. Kf2 Rd8 22. Nd5 Bxd5 23. cxd5 Nb4 24. Bc4 Kg7 25. Ne2 Nc2 26. Ng3 Nxe3 27. Ke2 Nxc4 28. Nxf5+ Kg6 29. g4 Rxd5 30. h4 Rd2+ 31. Ke1 h5 32. Ng3 Bf2+ 0-1


[Site "https://www.chess.com"]

[Event "Titled Tuesday Blitz December 13 Early 2022"]
[White "Boros, Denes"]
[Black "Williams, Simon K"]
[WhiteFideId "722340"]
[BlackFideId "404454"]
[WhiteElo "2464"]
[BlackElo "2468"]
[Result "1-0"]
[Round "02"]
[TimeControl "180+1"]
[Date "2022.12.14"]
[WhiteClock "0:00:16"]
[BlackClock "0:00:06"]

1. Nc3 c5 2. Nf3 Nc6 3. d4 cxd4 4. Nxd4 g6 5. Nxc6 bxc6 6. e4 Bg7 7. Bc4 d6 8. O-O Nf6 9. Be3 O-O 10. Bb3 a5 11. Re1 Ng4 12. Bd4 e5 13. Be3 Nxe3 14. Rxe3 Be6 15. Rd3 d5 16. exd5 cxd5 17. Bxd5 Bxd5 18. Rxd5 Qb6 19. Na4 Qc6 20. c4 Rab8 21. Rc1 e4 22. b3 Qc7 23. c5 f5 24. c6 e3 25. fxe3 Bh6 26. Qd4 Rb4 27. Qc5 Re4 28. Rd7 Qc8 29. Kh1 Bxe3 30. Qd5+ Kh8 31. Re1 Qe8 32. c7 Ba7 33. Rxe4 fxe4 34. h4 e3 35. c8=Q Rf1+ 36. Kh2 Bb8+ 37. g3 Rf2+ 38. Kh3 Qxc8 39. Qd4+ 1-0


[Site "https://www.chess.com"]

[Event "Titled Tuesday Blitz December 13 Early 2022"]
[White "Bruned, Boris"]
[Black "Fernandez Garcia, Gumersindo"]
[WhiteFideId "621790"]
[BlackFideId "24516740"]
[WhiteElo "2049"]
[BlackElo "2140"]
[Result "1-0"]
[Round "02"]
[TimeControl "180+1"]
[Date "2022.12.14"]
[WhiteClock "0:00:03"]
[BlackClock "0:00:01"]

1. b3 Nf6 2. Bb2 d6 3. Bxf6 gxf6 4. c4 e5 5. Nc3 f5 6. g3 Be7 7. Bg2 h5 8. h4 c6 9. e3 Be6 10. Nge2 Nd7 11. d4 Nf6 12. d5 cxd5 13. Nxd5 Nxd5 14. Bxd5 Qa5+ 15. Qd2 Qxd2+ 16. Kxd2 Bxd5 17. cxd5 Bd8 18. a3 Kd7 19. Rac1 Bb6 20. Rc2 Rhg8 21. Rc4 Rg4 22. Rhc1 a6 23. Kd3 Re8 24. R1c2 a5 25. b4 axb4 26. Rxb4 Rxb4 27. axb4 Ra8 28. Kc4 Bd8 29. Kb5 Ra1 30. Nc3 Ra6 31. Na4 Bc7 32. Rc3 Ra8 33. Nb6+ Bxb6 34. Kxb6 Ra4 35. b5 Rb4 36. Rc7+ Ke8 37. Rxb7 Rb2 38. Kc6 Rxf2 39. Kxd6 Kf8 40. b6 Kg7 41. Rc7 e4 42. Rc5 Rb2 43. Kc6 Kf8 44. b7 Ke7 45. Kc7 f4 46. gxf4 f5 47. d6+ Ke6 48. Rc6 Kd5 49. d7 1-0


[Site "https://www.chess.com"]

[Event "Titled Tuesday Blitz December 13 Early 2022"]
[White "Buksa, Nataliya"]
[Black "Golizadeh, Asghar"]
[WhiteFideId "14123622"]
[BlackFideId "12505269"]
[WhiteElo "2303"]
[BlackElo "2403"]
[Result "0-1"]
[Round "02"]
[TimeControl "180+1"]
[Date "2022.12.14"]
[WhiteClock "0:00:06"]
[BlackClock "0:00:16"]

1. d4 Nf6 2. Nc3 d5 3. Bf4 e6 4. e3 a6 5. Bd3 c5 6. dxc5 Bxc5 7. Nf3 O-O 8. O-O b5 9. e4 b4 10. e5 bxc3 11. exf6 cxb2 12. fxg7 bxa1=Q 13. gxf8=Q+ Bxf8 14. Qxa1 Bg7 15. Be5 f6 16. Bb2 e5 17. Qd1 Nd7 18. c4 Qb6 19. Ba1 d4 20. Be4 Bb7 21. Bxb7 Qxb7 22. Nh4 Qe4 23. Qh5 Nf8 24. f3 Qe3+ 25. Kh1 Qe2 26. Rg1 d3 27. Nf5 d2 28. Qg4 Ng6 29. Qe4 d1=Q 30. Qxa8+ Bf8 31. Nh6+ Kg7 32. Nf5+ Kh8 33. Qa7 Qdc2 34. Ng3 Qf2 35. Qa8 Qxc4 36. Ne4 Qb6 37. h4 Qcc6 38. Qxc6 Qxc6 39. h5 Nf4 40. Bc3 Ne2 41. Rd1 Nxc3 42. Rc1 Bb4 43. a3 Ba5 44. h6 Kg8 45. Rc2 Qd5 46. Rc1 Nxe4 47. Rc8+ Kf7 48. fxe4 Qd1+ 49. Kh2 Qh5+ 50. Kg3 Qg5+ 51. Kh2 Qf4+ 52. Kh1 Be1 53. Rc7+ Kg6 54. Rg7+ Kxh6 55. Rg8 Bg3 56. a4 Qf1# 0-1


[Site "https://www.chess.com"]

[Event "Titled Tuesday Blitz December 13 Early 2022"]
[White "Buscar, Michael"]
[Black "Turzo, Attila"]
[WhiteFideId "2603616"]
[BlackFideId "704954"]
[WhiteElo "2010"]
[BlackElo "2568"]
[Result "0-1"]
[Round "02"]
[TimeControl "180+1"]
[Date "2022.12.14"]
[WhiteClock "0:00:50"]
[BlackClock "0:01:13"]

1. Nf3 Nf6 2. g3 g6 3. Bg2 Bg7 4. d4 O-O 5. O-O d5 6. c4 c6 7. b3 Bf5 8. Bb2 a5 9. Nbd2 a4 10. bxa4 Qa5 11. Ba3 Re8 12. Qb3 Qxa4 13. Bc5 Qxb3 14. axb3 Na6 15. Bb6 Ne4 16. Nxe4 Bxe4 17. Nd2 Bxg2 18. Kxg2 e6 19. e3 c5 20. Nf3 cxd4 21. Bxd4 Nb4 22. Bxg7 Kxg7 23. cxd5 Nxd5 24. Nd4 Rec8 25. Rfc1 Kf6 26. Kf3 Ke5 27. Ke2 Kd6 28. Kd3 Rxc1 29. Rxc1 Nb4+ 30. Kc3 Na2+ 31. Kb2 Nxc1 32. Kxc1 Ra2 0-1


[Site "https://www.chess.com"]

[Event "Titled Tuesday Blitz December 13 Early 2022"]
[White "Chernobay, Artem"]
[Black "Lacasa Diaz, Jose Antonio"]
[WhiteFideId "4167406"]
[BlackFideId "2203375"]
[WhiteElo "2474"]
[BlackElo "2338"]
[Result "1-0"]
[Round "02"]
[TimeControl "180+1"]
[Date "2022.12.14"]
[WhiteClock "0:00:35"]
[BlackClock "0:00:11"]

1. e4 c5 2. Nf3 g6 3. c3 d5 4. exd5 Qxd5 5. d4 Bg7 6. Be3 cxd4 7. cxd4 Qa5+ 8. Nc3 Nh6 9. Be2 O-O 10. O-O Nf5 11. Kh1 Rd8 12. Qb3 Nxe3 13. fxe3 Qb6 14. Qa3 Nc6 15. Ng5 Bf6 16. Nce4 Kg7 17. Bc4 Bf5 18. Nxf6 exf6 19. Nxf7 Rd7 20. Nd6 Nxd4 21. Nxf5+ Nxf5 22. Rf3 Rad8 23. Raf1 Rd1 24. e4 Rxf1+ 25. Bxf1 Nd6 26. h4 Nxe4 27. Qe7+ Kh6 28. Qxe4 Qc5 29. Qf4+ 1-0


[Site "https://www.chess.com"]

[Event "Titled Tuesday Blitz December 13 Early 2022"]
[White "Chernomordik, Pavel"]
[Black "Fedoseev, Vladimir"]
[WhiteFideId "2804530"]
[BlackFideId "24130737"]
[WhiteElo "2193"]
[BlackElo "2733"]
[Result "0-1"]
[Round "02"]
[TimeControl "180+1"]
[Date "2022.12.14"]
[WhiteClock "0:00:01"]
[BlackClock "0:00:27"]

1. e4 c5 2. Nc3 d6 3. f4 Nc6 4. Nf3 a6 5. g3 Bg4 6. h3 Bxf3 7. Qxf3 Nd4 8. Qd1 e6 9. Bg2 Ne7 10. O-O Nec6 11. d3 Be7 12. Ne2 Rc8 13. c3 Nxe2+ 14. Qxe2 O-O 15. Be3 d5 16. Bf2 d4 17. c4 e5 18. Be1 b5 19. Rc1 Rb8 20. b3 Qd6 21. h4 Bd8 22. Bh3 Ba5 23. Bxa5 Nxa5 24. fxe5 Qxe5 25. Kg2 bxc4 26. bxc4 g6 27. Rb1 Nc6 28. Bd7 Ne7 29. Qf3 f6 30. Qg4 Kf7 31. Qf3 Rfd8 32. Ba4 Kg7 33. Qf2 Rf8 34. Qf4 Rb4 35. Rxb4 cxb4 36. Qxe5 fxe5 37. Rxf8 Kxf8 38. c5 Nc8 39. Bd7 Na7 40. Kf3 Ke7 41. Ba4 h5 42. g4 Kd8 43. gxh5 gxh5 44. Ke2 Nc8 45. Kd2 Ne7 46. Bd1 Ng6 47. Bxh5 Nxh4 48. Kc2 Ng2 49. Kb3 Nf4 50. Bf7 Nxd3 51. Kc4 Nf2 52. Kxb4 Nxe4 0-1


[Site "https://www.chess.com"]

[Event "Titled Tuesday Blitz December 13 Early 2022"]
[White "Chernov, Mikhail"]
[Black "Kriti Mayur Patel"]
[WhiteFideId "24143170"]
[BlackFideId "35061780"]
[WhiteElo "2113"]
[BlackElo "1306"]
[Result "0-1"]
[Round "02"]
[TimeControl "180+1"]
[Date "2022.12.14"]
[WhiteClock "0:00:55"]
[BlackClock "0:02:21"]

1. d4 d5 2. Nc3 Nf6 3. Bf4 Bf5 4. e3 a6 5. Nf3 e6 6. Ne5 Nbd7 7. g4 Be4 8. f3 Bg6 9. h4 h5 10. Nxg6 fxg6 11. Qd3 Kf7 12. O-O-O c5 13. dxc5 Nxc5 14. Qe2 b5 15. g5 Nfd7 16. Bh3 b4 17. Nxd5 exd5 18. Rxd5 Rc8 19. Rhd1 b3 20. axb3 Qa5 21. Bxd7 Nxb3+ 22. Kb1 Qa1# 0-1


[Site "https://www.chess.com"]

[Event "Titled Tuesday Blitz December 13 Early 2022"]
[White "Chigaev, Maksim"]
[Black "Thiel, Thomas"]
[WhiteFideId "4108116"]
[BlackFideId "4615964"]
[WhiteElo "2542"]
[BlackElo "2220"]
[Result "1-0"]
[Round "02"]
[TimeControl "180+1"]
[Date "2022.12.14"]
[WhiteClock "0:00:07"]
[BlackClock "0:00:04"]

1. e4 d5 2. exd5 Nf6 3. Nc3 Nxd5 4. Bc4 Nb6 5. Bb3 Nc6 6. Nf3 Bf5 7. d3 e6 8. a3 Be7 9. h3 O-O 10. O-O Bg6 11. Re1 Bh5 12. Be3 Bf6 13. Rb1 Nd4 14. g4 Bg6 15. Nxd4 Bxd4 16. Qf3 c6 17. Ne4 Bxe3 18. fxe3 Nd5 19. Ng3 Qf6 20. Qxf6 gxf6 21. Kf2 Ne7 22. Rg1 Kh8 23. Rbf1 f5 24. g5 Nd5 25. Ke2 h6 26. e4 fxe4 27. dxe4 Nc7 28. gxh6 Kh7 29. h4 Kxh6 30. h5 Bh7 31. Rf6+ Kg7 32. Rgf1 Nb5 33. Ke3 c5 34. h6+ Kg8 35. c3 Rad8 36. a4 Nd6 37. e5 Nf5+ 38. Nxf5 Bxf5 39. Rg1+ Kh8 40. Rg7 Bg6 41. Bxe6 Rde8 42. Bxf7 Bxf7 43. Rfxf7 Rxf7 44. Rxf7 Rxe5+ 45. Kf4 Re6 46. Rxb7 a6 47. h7 Re2 48. Kf3 Rh2 49. Ke4 c4 50. Kd5 Rh4 51. a5 Rh5+ 52. Kxc4 Rxa5 53. Rb8+ Kxh7 54. b4 1-0


[Site "https://www.chess.com"]

[Event "Titled Tuesday Blitz December 13 Early 2022"]
[White "Ciuffoletti, Paolo"]
[Black "Le Ruyet, Leopold"]
[WhiteFideId "807630"]
[BlackFideId "645923"]
[WhiteElo "2143"]
[BlackElo "2276"]
[Result "1-0"]
[Round "02"]
[TimeControl "180+1"]
[Date "2022.12.14"]
[WhiteClock "0:00:44"]
[BlackClock "0:00:39"]

1. e4 d6 2. d4 Nf6 3. Nc3 e5 4. dxe5 dxe5 5. Qxd8+ Kxd8 6. Bg5 Be6 7. O-O-O+ Kc8 8. f4 exf4 9. Nf3 Nbd7 10. Nd4 Bg4 11. Re1 Bc5 12. Nf5 Bxf5 13. exf5 Be3+ 14. Kb1 Bd2 15. Re7 Rf8 16. Bc4 Bxc3 17. bxc3 Nb6 18. Bxf7 Nbd5 19. Be6+ Kb8 20. Rxg7 Nxc3+ 21. Kb2 Na4+ 22. Ka3 Nc5 23. Bxf6 b5 24. Be7 Nxe6 25. fxe6 Rf5 26. Rg8+ Kb7 27. Rxa8 Kxa8 28. Re1 1-0


[Site "https://www.chess.com"]

[Event "Titled Tuesday Blitz December 13 Early 2022"]
[White "Cruz, William Ferreira Da"]
[Black "Hartikainen, Jarmo"]
[WhiteFideId "2118050"]
[BlackFideId "503134"]
[WhiteElo "2223"]
[BlackElo "2195"]
[Result "1-0"]
[Round "02"]
[TimeControl "180+1"]
[Date "2022.12.14"]
[WhiteClock "0:01:57"]
[BlackClock "0:00:54"]

1. d4 Nf6 2. c4 g6 3. Nc3 d5 4. Bf4 Bg7 5. e3 O-O 6. Rc1 c5 7. dxc5 dxc4 8. Bxc4 Qxd1+ 9. Rxd1 Nbd7 10. b4 Nh5 11. Nge2 Nxf4 12. exf4 a5 13. a3 axb4 14. axb4 Ra3 15. Nd5 e6 16. Ne7+ Kh8 17. Nxc8 Rxc8 18. Rxd7 b5 19. Bxb5 Ra1+ 20. Rd1 Rxd1+ 21. Kxd1 Rb8 22. c6 Rxb5 23. c7 Rd5+ 24. Kc2 1-0


[Site "https://www.chess.com"]